 Dungeon Crawl Stone Soup version 0.29.1-1-gd02db6906a (webtiles) character file.

Game seed: 5322729521847203704

277 croobank the Ducker (level 6, 0/28 HPs)
             Began as a Felid Summoner on Oct 13, 2022.
             Succumbed to a scorpion's poison
             ... on level 5 of the Dungeon.
             The game lasted 00:17:45 (4845 turns).

croobank the Ducker (Felid Summoner)                Turns: 4845, Time: 00:17:46

Health: 0/28       AC:  2    Str: 10    XL:     6   Next: 4%
Magic:  7/13       EV: 20    Int: 18    God:
Gold:   213        SH:  0    Dex: 17    Spells: 4/13 levels left
                                        Lives:  0   Deaths: 2

rFire   . . .      SeeInvis +   (weapon unavailable)
rCold   . . .      Faith    .   (shield unavailable)
rNeg    . . .      Spirit   .   (body armour unavailable)
rPois   .          Reflect  .   (helmet unavailable)
rElec   .          Harm     .   (cloak unavailable)
rCorr   +          Rampage  .   (gloves unavailable)
Will    .....                   (boots unavailable)
Stlth   ++........              (no amulet)
HPRegen 0.09/turn               d - ring of resist corrosion
MPRegen 0.13/turn               b - +6 ring of strength

@: lethally poisoned (0 -> -9), flying, quick
A: very small, claws 1, fangs 3, see invisible, speed 1, shaggy fur 2, stealthy
paws, no weapons or thrown items, no armour, multi-lived
a: no special abilities


You were on level 5 of the Dungeon.
You visited 1 branch of the dungeon, and saw 5 of its levels.

You collected 213 gold pieces.

Inventory:

Jewellery
 b - a +6 ring of strength (right paw)
 d - a ring of resist corrosion (left paw)
 n - the amulet of Elemental Vulnerability {rPois rF-- rC-- AC+8}
   (You found it on level 3 of the Dungeon)

   [amulet of nothing]

   AC:        It affects your AC (+8).
   rF:        It makes you very vulnerable to fire.
   rC:        It makes you very vulnerable to cold.
   rPois:     It protects you from poison.
Wands
 p - a wand of iceblast (4)
Scrolls
 a - 2 scrolls of vulnerability {unknown}
 e - a scroll of enchant weapon
 g - 2 scrolls of immolation
 i - a scroll of teleportation
 o - a scroll of silence {unknown}
 q - a scroll of amnesia {unknown}
Potions
 f - 4 potions of degeneration
 j - a potion of resistance
 l - a potion of brilliance
 m - a potion of attraction {unknown}
 r - a potion of might {unknown}


   Skills:
 + Level 3.7 Fighting
 + Level 5.9 Dodging
 - Level 2.6 Stealth
 + Level 4.0 Spellcasting
 + Level 3.9 Hexes
 + Level 5.6 Summonings


You had 4 spell levels left.
You knew the following spells:

 Your Spells              Type           Power      Damage    Failure   Level
a - Summon Small Mammal   Summ           96%        N/A       1%          1
b - Call Imp              Summ           24%        N/A       2%          2
c - Call Canine Familiar  Summ           24%        N/A       4%          3
d - Summon Guardian Gole  Hex/Summ       20%        N/A       6%          3

Your spell library contained the following spells:

 Spells                   Type           Power      Damage    Failure   Level
 Summon Lightning Spire   Summ/Air       13%        N/A       41%         4


Dungeon Overview and Level Annotations

Branches:
Dungeon (5/15)
 Temple: D:4-7

Altars:
Xom


Innate Abilities, Weirdness & Mutations

You have sharp claws.
You have razor-sharp teeth.
You have supernaturally acute eyesight. (SInv)
You cover ground quickly. (Speed+)
You are covered in thick fur. (AC +2)
Your paws help you pounce on unaware monsters.
You are incapable of wielding weapons or throwing items.
You cannot wear armour.
You gain extra lives every three experience levels.


Message History

Gang up on whom?
Press: ? - help, Dir - move target, f - orc priest
Aim: an orc priest, wielding a +0 trident (severely wounded, ally target) Attack!
The orc priest invokes the aid of Beogh against you.
Beogh smites you!
The orc priest hits your guardian golem with a +0 trident.
The orc priest hits your guardian golem with a +0 trident!
Casting: Summon Guardian Golem (quite dangerous; 6% risk of failure)
Confirm with . or Enter, or press ? or * to list all spells.
The orc priest looks encouraged for a moment.
The orc priest hits your guardian golem with a +0 trident.
You closely miss the scorpion. Your bite misses the scorpion.
Your hound bites the scorpion.
The scorpion stings you.
The orc priest hits your guardian golem but does no damage.
Your hound bites the scorpion but does no damage.
You scratch the scorpion but do no damage.
You bite the scorpion.
The scorpion is moderately wounded.
The scorpion completely misses you.
The orc priest hits your guardian golem with a +0 trident.
Your hound bites the scorpion.
You scratch the scorpion but do no damage.
The scorpion is moderately wounded.
The scorpion completely misses you.
Your hound bites the scorpion.
The orc priest hits your guardian golem with a +0 trident.
The scorpion stings you.
* * * LOW HITPOINT WARNING * * *
You are lethally poisoned!
The scorpion poisons you!
Your hound bites the scorpion.
* * * LOW HITPOINT WARNING * * *
You feel sick.
The orc priest barely misses your guardian golem.
Your hound closely misses the scorpion.
The scorpion stings your hound.
Your hound is poisoned.
The scorpion poisons your hound!
It was a potion of flight.
You feel very buoyant.
You fly up into the air.
You die...

....................##...
...................######..#
..................## #...
.............####.# #.##
..........).o#....####
............9#.......#
...........s.#....##.#
...........h.#....# #
...........@.#....#
.............'....#
.............#....#
...........†.####.#
.............# #.#
.............####.#
...............##.#
.#########.....##.#
#....†..'..#


You could see a scorpion (distracted, ally target), an orc priest (ally target),
a friendly guardian golem (summoned) and a friendly hound (summoned, sheltered,
very poisoned).

Vanquished Creatures
  An ice beast (D:5)
  An orc priest (D:4)
  2 giant cockroaches (D:1)
  2 goblins
  2 hobgoblins
  2 kobolds
  3 rats (D:2)
13 creatures vanquished.

Vanquished Creatures (collateral kills)
  2 centaurs (D:5)
  2 hounds (D:4)
  A jelly (D:4)
  Crazy Yiuf (D:4)
  An iguana (D:5)
  2 orc wizards (D:5)
  Robin (D:2)
  3 adders
  2 worms
  6 dart slugs
  3 orcs (D:4)
  5 bats
  10 endoplasms
  5 giant cockroaches
  15 goblins
  13 hobgoblins
  8 kobolds
  A quokka (D:2)
  4 ball pythons
  3 frilled lizards
  6 rats
94 creatures vanquished.

Vanquished Creatures (others)
  An ice beast (D:5)
  Blork the orc (D:5)
2 creatures vanquished.

Grand Total: 109 creatures vanquished

Notes
Turn   | Place    | Note
-------+----------+-------------------------------------------
     0 | D:1      | croobank the Felid Summoner began the quest for the Orb.
     0 | D:1      | Reached XP level 1. HP: 7/7 MP: 4/4
   306 | D:1      | Reached XP level 2. HP: 9/12 MP: 4/6
   376 | D:1      | Learned a level 2 spell: Call Imp
   627 | D:1      | Reached skill level 1 in Fighting
  1043 | D:1      | Reached XP level 3. HP: 15/15 MP: 2/7
  1047 | D:1      | Learned a level 3 spell: Call Canine Familiar
  1571 | D:2      | Noticed Robin
  1580 | D:2      | Killed Robin
  1581 | D:2      | Reached XP level 4. HP: 19/19 MP: 1/8
  2147 | D:2      | Found a faded altar of an unknown god.
  3059 | D:3      | Found the amulet of Elemental Vulnerability {rPois rF--
                  | rC-- AC+8}
  3424 | D:4      | Reached XP level 5. HP: 15/22 MP: 4/10
  3543 | D:4      | Learned a level 3 spell: Summon Guardian Golem
  3598 | D:4      | Reached skill level 1 in Hexes
  3989 | D:4      | Gained mutation: You are covered in thick fur. (AC +2)
                  | [Felid growth]
  3989 | D:4      | Reached XP level 6. HP: 27/27 MP: 3/11
  4146 | D:4      | Found a runed translucent door.
  4147 | D:4      | Noticed Crazy Yiuf
  4176 | D:4      | Killed Crazy Yiuf
  4177 | D:4      | Reached skill level 5 in Summonings
  4308 | D:4      | Found a shimmering altar of Xom.
  4340 | D:5      | Entered Level 5 of the Dungeon
  4491 | D:5      | Reached skill level 5 in Dodging
  4673 | D:5      | Noticed an ice beast
  4699 | D:5      | Killed an ice beast
  4700 | D:5      | Reached XP level 7. HP: 31/31 MP: 3/13
  4753 | D:5      | Succumbed to an orc wizard's poison
  4754 | D:5      | Reached XP level 6. HP: 0/42 MP: 2/12
  4800 | D:5      | Killed from afar by an orc priest
  4801 | D:5      | Reached XP level 5. HP: 0/24 MP: 1/12
  4813 | D:5      | Noticed Blork the orc
  4826 | D:5      | Killed Blork the orc
  4827 | D:5      | Reached XP level 6. HP: 18/28 MP: 10/13
  4845 | D:5      | Succumbed to a scorpion's poison

Illustrated notes

Levels and vault maps discovered:
D:1:      dpeg_arrival_renting, layout_basic
D:2:      layout_rooms, hellmonk_ecumenical_altar_inner_sanctum,
          dreamdust_wishing_well, uniq_robin
D:3:      layout_basic, chequers_serial_rivers_small_a,
          nicolae_concentric_dashed_squares_mild, grunt_decor_arrowhead,
          chequers_arboretum, chequers_serial_rivers_micro_e
D:4:      layout_rooms, lemuel_doored_altar, uniq_crazy_yiuf_cottage
D:5:      layout_basic, mainiacjoe_overflow_brackets, temple_doors_e,
          hangedman_decor_opposing, uniq_ijyb, uniq_blork_the_orc,
          uniq_prince_ribbit1

Skill      XL: |  1  2  3  4  5  6 |
---------------+-------------------+-----
Dodging        | 3 4 5 |  5.9
Fighting       | 1 2 3 |  3.7
Spellcasting   | 3 4 |  4.0
Hexes          | 1 3 |  3.9
Summonings     | 5 |  5.6
Stealth        | |  2.6

Action                   |  1- 3 |  4- 6 |  7- 9 || total
-------------------------+-------+-------+-------++-------
Melee: Unarmed           |    27 |    52 |    16 ||    95
       Bite              |     5 |     4 |     2 ||    11
       Punch             |       |     2 |       ||     2
 Cast: Summon Small Mamm |    46 |    54 |     1 ||   101
       Call Imp          |    15 |    15 |     1 ||    31
       Call Canine Famil |     4 |    24 |     1 ||    29
       Summon Guardian G |       |     4 |     1 ||     5
Evoke: Wand              |       |       |     1 ||     1
  Use: Scroll            |       |    10 |       ||    10
       Potion            |       |     2 |     3 ||     5
 Stab: Distracted        |       |     2 |       ||     2
       Sleeping          |       |     1 |       ||     1
Armor: Skin              |     5 |     4 |    29 ||    38
Dodge: Dodged            |    41 |    59 |    10 ||   110
